General information
- name: BNet
- type: Ladder team game (AT/RT)
- host: Battle.net
- saver: NILFGARD-FIGHTR
map: MarketSquare
- players: 8
- length: 44:38
- speed: Fast
- version: 1.28 W3XP
- replay type: Public
» download(266 KB)
Players
team 1 (winner)

»
my_ass_says (
yellow | 88 APM | 1773 actions | 20:08)
4 Death Knight
2 Death Coil
2 Unholy Aura
2 Lich
1 Frost Nova
1 Frost Armor
» actions
| Assign group hotkey | 40 | |
| Basic commands | 114 | |
| Build / train | 57 | |
| Enter build submenu | 16 | |
| Enter hero's abilities submenu | 6 | |
| Remove unit from queue | 1 | |
| Right click | 732 | |
| Select / deselect | 410 | |
| Select group hotkey | 328 | |
| Use ability | 69 | |
1773 total
» units
| Acolyte | 8 | |
| Ghoul | 7 | |
| Crypt Fiend | 5 | |
| Frost Wyrm | 14 | |
34 total
» upgrades
| Creature Attack | 3 | |
| Creature Carapace | 1 | |
4 total
» buildings
| Altar of Darkness | 1 | |
| Crypt | 1 | |
| Ziggurat | 9 | |
| Graveyard | 1 | |
| Tomb of Relics | 1 | |
| Halls of the Dead | 2 | |
| Black Citadel | 1 | |
| Sacrificial Pit | 1 | |
| Boneyard | 2 | |
| Necropolis | 1 | |
| Spirit Tower | 2 | |
| Nerubian Tower | 1 | |
23 total
» build order
00:14 Altar of Darkness
00:19 Crypt
00:37 Ziggurat
01:02 Graveyard
01:14 Tomb of Relics
01:54 Ziggurat
03:47 Ziggurat
04:18 Halls of the Dead
06:51 Black Citadel
07:27 Sacrificial Pit
07:30 Ziggurat
07:35 Ziggurat
09:16 Boneyard
09:16 Boneyard
11:34 Ziggurat
14:04 Ziggurat
14:17 Necropolis
16:56 Spirit Tower
16:57 Nerubian Tower
18:15 Spirit Tower
18:53 Ziggurat
18:53 Ziggurat
» items
| Rod of Necromancy | 1 | |
| Potion of Healing | 1 | |
| Dust of Appearance | 1 | |
3 total

»
TekK (
pink | 57 APM | 1160 actions | 20:11)
3 Mountain King
2 Storm Bolt
1 Bash
3 Paladin
2 Holy Light
1 Devotion Aura
» actions
| Assign group hotkey | 26 | |
| Basic commands | 24 | |
| Build / train | 79 | |
| ESC pressed | 1 | |
| Enter build submenu | 46 | |
| Enter hero's abilities submenu | 6 | |
| Give item / drop item | 1 | |
| Right click | 372 | |
| Select / deselect | 304 | |
| Select group hotkey | 236 | |
| Use ability | 65 | |
1160 total
» units
| Peasant | 15 | |
| Footman | 5 | |
| Knight | 10 | |
| Priest | 10 | |
40 total
» upgrades
| Masonry | 2 | |
| Lumber Harvesting | 2 | |
| Priest Training | 2 | |
| Plating | 3 | |
| Animal War Training | 1 | |
| Swords | 1 | |
11 total
» buildings
| Altar of Kings | 1 | |
| Farm | 13 | |
| Barracks | 2 | |
| Scout Tower | 20 | |
| Arcane Tower | 5 | |
| Lumber Mill | 3 | |
| Keep | 1 | |
| Town Hall | 1 | |
| Guard Tower | 8 | |
| Castle | 1 | |
| Arcane Sanctum | 1 | |
| Blacksmith | 1 | |
| Arcane Vault | 1 | |
58 total
» build order
00:25 Altar of Kings
00:28 Farm
00:43 Barracks
01:08 Scout Tower
01:29 Farm
01:51 Farm
02:01 Arcane Tower
02:01 Arcane Tower
02:30 Farm
03:13 Lumber Mill
03:22 Lumber Mill
03:30 Lumber Mill
04:19 Keep
04:44 Town Hall
04:48 Scout Tower
04:49 Scout Tower
05:17 Scout Tower
05:20 Scout Tower
05:43 Guard Tower
05:46 Guard Tower
05:48 Scout Tower
05:50 Scout Tower
05:58 Guard Tower
06:17 Scout Tower
06:18 Arcane Tower
06:20 Arcane Tower
06:47 Guard Tower
06:49 Scout Tower
07:29 Castle
07:55 Arcane Sanctum
08:12 Barracks
08:59 Farm
09:21 Blacksmith
09:40 Farm
10:16 Farm
10:57 Farm
11:39 Farm
12:49 Arcane Vault
14:02 Farm
14:55 Farm
15:35 Farm
16:15 Farm
16:59 Guard Tower
17:56 Scout Tower
17:58 Scout Tower
18:21 Scout Tower
18:23 Scout Tower
18:24 Scout Tower
18:30 Scout Tower
18:32 Scout Tower
18:38 Guard Tower
19:01 Scout Tower
19:02 Scout Tower
19:04 Scout Tower
19:07 Scout Tower
19:17 Guard Tower
19:34 Guard Tower
» items
| Boots of Speed | 1 | |
| Scroll of Town Portal | 1 | |
| Circlet of Nobility | 1 | |
| Scroll of Protection | 1 | |
4 total

»
Bangladesh (
green | 33 APM | 674 actions | 20:11)
4 Archmage
2 Summon Water Elemental
2 Brilliance Aura
2 Paladin
1 Holy Light
1 Devotion Aura
1 Mountain King
1 Storm Bolt
» actions
| Build / train | 78 | |
| ESC pressed | 1 | |
| Enter build submenu | 28 | |
| Enter hero's abilities submenu | 7 | |
| Give item / drop item | 1 | |
| Right click | 223 | |
| Select / deselect | 268 | |
| Use ability | 68 | |
674 total
» units
| Peasant | 27 | |
| Footman | 7 | |
| Gryphon Rider | 6 | |
| Priest | 4 | |
44 total
» upgrades
| Masonry | 3 | |
| Magic Sentry | 1 | |
| Storm Hammers | 1 | |
| Priest Training | 1 | |
6 total
» buildings
| Altar of Kings | 1 | |
| Farm | 8 | |
| Barracks | 1 | |
| Lumber Mill | 1 | |
| Keep | 1 | |
| Town Hall | 1 | |
| Castle | 1 | |
| Gryphon Aviary | 2 | |
| Arcane Vault | 3 | |
| Scout Tower | 8 | |
| Arcane Sanctum | 1 | |
| Guard Tower | 6 | |
| Blacksmith | 1 | |
35 total
» build order
00:32 Altar of Kings
00:38 Farm
01:16 Farm
01:24 Barracks
01:52 Farm
02:34 Farm
02:38 Lumber Mill
03:48 Keep
04:17 Town Hall
06:53 Castle
08:14 Gryphon Aviary
08:18 Gryphon Aviary
08:55 Arcane Vault
09:01 Scout Tower
09:04 Scout Tower
09:11 Arcane Vault
09:18 Arcane Sanctum
09:46 Guard Tower
09:48 Guard Tower
09:51 Blacksmith
10:45 Scout Tower
10:54 Scout Tower
10:59 Scout Tower
11:18 Guard Tower
11:25 Guard Tower
11:28 Scout Tower
11:30 Guard Tower
11:36 Arcane Vault
12:19 Guard Tower
12:39 Farm
12:43 Farm
13:24 Farm
13:28 Farm
16:09 Scout Tower
16:13 Scout Tower
» items
| Scroll of Town Portal | 3 | |
| Potion of Lesser Invulnerability | 1 | |
| Scroll of Protection | 1 | |
| Boots of Speed | 1 | |
| Dust of Appearance | 2 | |
| Potion of Healing | 1 | |
| Orb of Fire | 1 | |
10 total
NILFGARD-FIGHTR (
purple | 68 APM | 3018 actions | 44:38)
10 Goblin Tinker
3 Pocket Factory
3 Engineering Upgrade
1 Robo-Goblin
3 Cluster Rockets
» actions
| Assign group hotkey | 48 | |
| Basic commands | 35 | |
| Build / train | 92 | |
| Enter build submenu | 30 | |
| Enter hero's abilities submenu | 9 | |
| Give item / drop item | 6 | |
| Remove unit from queue | 4 | |
| Right click | 1408 | |
| Select / deselect | 287 | |
| Select group hotkey | 943 | |
| Use ability | 155 | |
3018 total
» units
| Peon | 18 | |
| Grunt | 3 | |
| Wind Rider | 8 | |
| Troll Batrider | 6 | |
| Knight | 5 | |
| Priest | 4 | |
44 total
» upgrades
| Reinforced Defenses | 1 | |
| Ranged Weapons | 2 | |
| Armor | 2 | |
| Liquid Fire | 1 | |
6 total
» buildings
| Altar of Storms | 1 | |
| Orc Burrow | 8 | |
| Barracks | 1 | |
| Voodoo Lounge | 1 | |
| Stronghold | 1 | |
| War Mill | 1 | |
| Great Hall | 1 | |
| Beastiary | 4 | |
| Fortress | 2 | |
| Watch Tower | 34 | |
54 total
» build order
00:07 Altar of Storms
00:16 Orc Burrow
00:38 Barracks
01:34 Orc Burrow
02:02 Voodoo Lounge
03:11 Stronghold
03:43 War Mill
04:12 Orc Burrow
04:31 Great Hall
05:37 Beastiary
05:39 Beastiary
06:28 Beastiary
07:00 Fortress
08:22 Watch Tower
08:22 Watch Tower
08:22 Watch Tower
08:23 Watch Tower
09:05 Watch Tower
10:12 Beastiary
10:35 Orc Burrow
10:35 Orc Burrow
10:37 Orc Burrow
11:02 Watch Tower
12:16 Watch Tower
12:19 Watch Tower
12:19 Watch Tower
12:21 Watch Tower
14:05 Watch Tower
14:06 Watch Tower
14:10 Watch Tower
14:14 Watch Tower
15:37 Orc Burrow
17:09 Watch Tower
17:11 Watch Tower
18:01 Orc Burrow
18:43 Watch Tower
18:43 Watch Tower
18:44 Watch Tower
18:44 Watch Tower
19:26 Watch Tower
20:02 Watch Tower
20:07 Watch Tower
20:07 Watch Tower
20:07 Watch Tower
20:08 Watch Tower
20:08 Watch Tower
20:08 Watch Tower
23:30 Watch Tower
23:30 Watch Tower
24:04 Watch Tower
24:05 Watch Tower
24:06 Watch Tower
24:06 Watch Tower
» items
| Healing Salve | 3 | |
| Staff of Teleportation | 1 | |
| Potion of Lesser Invulnerability | 3 | |
| Orb of Lightning | 1 | |
| Potion of Invisibility | 5 | |
| Potion of Healing | 2 | |
| Scroll of Town Portal | 1 | |
| Boots of Speed | 1 | |
| Periapt of Vitality | 3 | |
| Scroll of Healing | 1 | |
21 total
team 2 (loser)
Vintz (
blue | 28 APM | 1065 actions | 37:51)
6 Dark Ranger
2 Black Arrow
3 Life Drain
1 Charm
4 Priestess of the Moon
2 Trueshot Aura
2 Searing Arrows
3 Naga Sea Witch
2 Frost Arrows
1 Forked Lightning
» actions
| Assign group hotkey | 25 | |
| Basic commands | 113 | |
| Build / train | 82 | |
| Enter build submenu | 21 | |
| Enter hero's abilities submenu | 13 | |
| Right click | 287 | |
| Select / deselect | 265 | |
| Select group hotkey | 210 | |
| Use ability | 49 | |
1065 total
» units
| Wisp | 27 | |
| Archer | 17 | |
| Dryad | 4 | |
| Mountain Giant | 3 | |
51 total
» upgrades
| Ultravision | 1 | |
| Strength of the Moon | 3 | |
| Moon Armor | 3 | |
| Improved Bows | 1 | |
| Marksmanship | 1 | |
| Abolish Magic | 1 | |
| Strength of the Wild | 1 | |
| Reinforced Hides | 1 | |
12 total
» buildings
| Ancient of War | 2 | |
| Moon Well | 8 | |
| Altar of Elders | 1 | |
| Hunter's Hall | 1 | |
| Ancient of Wonders | 1 | |
| Tree of Ages | 1 | |
| Ancient Protector | 4 | |
| Tree of Eternity | 1 | |
| Tree of Life | 2 | |
| Ancient of Lore | 1 | |
22 total
» build order
00:20 Ancient of War
00:26 Moon Well
00:53 Altar of Elders
02:05 Moon Well
02:10 Moon Well
02:58 Hunter's Hall
03:07 Ancient of Wonders
03:47 Tree of Ages
04:35 Moon Well
04:57 Ancient of War
05:11 Ancient Protector
07:55 Moon Well
09:17 Tree of Eternity
10:48 Tree of Life
12:12 Ancient of Lore
14:43 Moon Well
14:51 Ancient Protector
16:01 Tree of Life
17:27 Moon Well
21:52 Moon Well
24:05 Ancient Protector
24:08 Ancient Protector
» items
rellzinyagirl (
teal | 37 APM | 1639 actions | 44:36)
7 Blademaster
3 Wind Walk
3 Critical Strike
1 Bladestorm
» actions
| Assign group hotkey | 16 | |
| Basic commands | 1 | |
| Build / train | 67 | |
| Enter build submenu | 31 | |
| Enter hero's abilities submenu | 7 | |
| Give item / drop item | 5 | |
| Remove unit from queue | 2 | |
| Right click | 1029 | |
| Select / deselect | 347 | |
| Select group hotkey | 63 | |
| Use ability | 71 | |
1639 total
» units
| Peon | 19 | |
| Grunt | 2 | |
| Assassin | 1 | |
| Wind Rider | 7 | |
| Shaman | 8 | |
| Kodo Beast | 1 | |
38 total
» upgrades
| Shaman Training | 2 | |
| Ranged Weapons | 3 | |
| Armor | 3 | |
| Envenomed Spears | 1 | |
| War Drums Damage Increase | 1 | |
| Reinforced Defenses | 1 | |
11 total
» buildings
| Altar of Storms | 2 | |
| Orc Burrow | 15 | |
| Barracks | 2 | |
| War Mill | 1 | |
| Voodoo Lounge | 1 | |
| Stronghold | 1 | |
| Watch Tower | 4 | |
| Beastiary | 2 | |
| Spirit Lodge | 1 | |
| Fortress | 1 | |
30 total
» build order
00:20 Altar of Storms
00:35 Orc Burrow
00:54 Barracks
01:08 Orc Burrow
01:44 War Mill
02:02 Barracks
02:46 Voodoo Lounge
03:00 Stronghold
03:45 Orc Burrow
03:55 Watch Tower
04:43 Orc Burrow
05:26 Beastiary
05:29 Spirit Lodge
05:31 Fortress
06:55 Beastiary
11:52 Orc Burrow
13:10 Orc Burrow
14:12 Orc Burrow
18:27 Orc Burrow
18:30 Orc Burrow
18:32 Orc Burrow
18:40 Watch Tower
19:01 Watch Tower
19:04 Watch Tower
23:41 Orc Burrow
23:44 Orc Burrow
24:38 Orc Burrow
24:42 Orc Burrow
25:44 Orc Burrow
27:29 Altar of Storms
» items
| Healing Salve | 3 | |
| Lesser Clarity Potion | 1 | |
| Boots of Speed | 1 | |
| Circlet of Nobility | 1 | |
| Orb of Lightning | 1 | |
7 total
FVCK..|..YOU (
orange | 50 APM | 2221 actions | 44:36)
10 Blademaster
3 Wind Walk
3 Critical Strike
1 Bladestorm
3 Mirror Image
» actions
| Assign group hotkey | 40 | |
| Basic commands | 138 | |
| Build / train | 67 | |
| Enter build submenu | 43 | |
| Enter hero's abilities submenu | 10 | |
| Give item / drop item | 8 | |
| Remove unit from queue | 3 | |
| Right click | 1207 | |
| Select / deselect | 310 | |
| Select group hotkey | 195 | |
| Use ability | 200 | |
2221 total
» units
| Peon | 18 | |
| Grunt | 4 | |
| Troll Batrider | 10 | |
| Wind Rider | 3 | |
35 total
» upgrades
| Reinforced Defenses | 1 | |
| Ranged Weapons | 3 | |
| Armor | 4 | |
| Envenomed Spears | 1 | |
| Liquid Fire | 1 | |
| Troll Regeneration | 1 | |
11 total
» buildings
| Orc Burrow | 3 | |
| Altar of Storms | 1 | |
| Barracks | 1 | |
| Stronghold | 1 | |
| Voodoo Lounge | 1 | |
| War Mill | 2 | |
| Great Hall | 2 | |
| Fortress | 1 | |
| Watch Tower | 30 | |
| Beastiary | 4 | |
46 total
» build order
00:16 Orc Burrow
00:40 Orc Burrow
01:07 Altar of Storms
01:12 Barracks
02:42 Stronghold
03:30 Voodoo Lounge
03:50 War Mill
04:37 Orc Burrow
05:18 Great Hall
07:19 Fortress
07:30 Watch Tower
07:30 Watch Tower
07:30 Watch Tower
07:31 Watch Tower
08:43 Beastiary
08:44 Beastiary
08:47 Beastiary
08:48 Beastiary
09:51 War Mill
11:03 Watch Tower
11:04 Watch Tower
11:04 Watch Tower
11:19 Watch Tower
11:20 Watch Tower
11:21 Watch Tower
16:44 Watch Tower
16:45 Watch Tower
16:46 Watch Tower
16:47 Watch Tower
16:48 Watch Tower
16:48 Watch Tower
16:54 Watch Tower
16:54 Watch Tower
22:53 Watch Tower
22:53 Watch Tower
22:53 Watch Tower
22:56 Watch Tower
22:57 Watch Tower
22:57 Watch Tower
23:02 Watch Tower
23:03 Watch Tower
23:03 Watch Tower
23:40 Great Hall
23:43 Watch Tower
» items
| Scroll of Town Portal | 1 | |
| Orb of Lightning | 1 | |
| Periapt of Vitality | 2 | |
| Staff of Teleportation | 1 | |
5 total
Dabu. (
red | 107 APM | 4757 actions | 44:36)
6 Archmage
3 Summon Water Elemental
2 Brilliance Aura
1 Mass Teleport
7 Goblin Tinker
3 Pocket Factory
3 Engineering Upgrade
1 Robo-Goblin
» actions
| Assign group hotkey | 81 | |
| Basic commands | 466 | |
| Build / train | 179 | |
| ESC pressed | 1 | |
| Enter build submenu | 53 | |
| Enter hero's abilities submenu | 13 | |
| Give item / drop item | 8 | |
| Remove unit from queue | 1 | |
| Right click | 1552 | |
| Select / deselect | 635 | |
| Select group hotkey | 1424 | |
| Use ability | 344 | |
4757 total
» units
| Peasant | 17 | |
| Footman | 6 | |
| Rifleman | 5 | |
| Sorceress | 2 | |
| Siege Engine | 1 | |
| Flying Machine | 1 | |
| Mortar Team | 5 | |
37 total
» upgrades
| Gunpowder | 3 | |
| Masonry | 3 | |
| Armor | 3 | |
| Long Rifles | 1 | |
| Sorceress Training | 2 | |
| Priest Training | 2 | |
| Lumber Harvesting | 2 | |
| Barrage | 1 | |
| Control Magic | 1 | |
| Plating | 4 | |
| Magic Sentry | 1 | |
| Flak Cannons | 1 | |
| Flying Machine Bombs | 1 | |
| Swords | 3 | |
| Fragmentation Shards | 1 | |
29 total
» buildings
| Altar of Kings | 1 | |
| Barracks | 1 | |
| Farm | 7 | |
| Lumber Mill | 1 | |
| Arcane Vault | 1 | |
| Blacksmith | 1 | |
| Town Hall | 2 | |
| Scout Tower | 37 | |
| Keep | 3 | |
| Arcane Tower | 6 | |
| Guard Tower | 40 | |
| Castle | 4 | |
| Arcane Sanctum | 3 | |
| Workshop | 4 | |
| Cannon Tower | 8 | |
119 total
» build order
01:18 Altar of Kings
01:21 Barracks
01:22 Farm
01:29 Farm
01:40 Farm
01:54 Lumber Mill
02:14 Arcane Vault
02:33 Farm
03:01 Blacksmith
03:39 Farm
04:35 Town Hall
04:41 Scout Tower
06:10 Keep
06:10 Keep
06:15 Arcane Tower
06:58 Scout Tower
07:00 Scout Tower
07:01 Scout Tower
07:03 Scout Tower
07:32 Guard Tower
07:36 Guard Tower
07:37 Guard Tower
08:05 Farm
08:44 Castle
08:44 Castle
08:45 Castle
08:47 Arcane Sanctum
09:34 Arcane Sanctum
10:57 Arcane Sanctum
10:58 Scout Tower
11:03 Workshop
12:47 Workshop
12:51 Guard Tower
12:52 Guard Tower
13:11 Scout Tower
13:12 Scout Tower
13:56 Guard Tower
13:56 Guard Tower
14:41 Scout Tower
14:42 Scout Tower
14:44 Scout Tower
14:45 Scout Tower
15:24 Guard Tower
15:24 Guard Tower
15:24 Guard Tower
15:25 Guard Tower
15:50 Guard Tower
15:50 Guard Tower
16:53 Workshop
16:55 Workshop
18:05 Town Hall
18:07 Scout Tower
18:09 Scout Tower
18:10 Scout Tower
18:18 Scout Tower
18:22 Scout Tower
18:24 Scout Tower
18:27 Scout Tower
18:28 Scout Tower
18:29 Scout Tower
18:31 Scout Tower
18:34 Scout Tower
18:41 Guard Tower
18:41 Guard Tower
18:41 Guard Tower
18:41 Guard Tower
18:42 Guard Tower
19:00 Cannon Tower
19:01 Cannon Tower
19:06 Arcane Tower
19:07 Arcane Tower
19:07 Arcane Tower
19:07 Arcane Tower
19:42 Guard Tower
25:41 Farm
30:31 Scout Tower
30:33 Scout Tower
30:34 Scout Tower
30:35 Scout Tower
30:41 Scout Tower
31:13 Guard Tower
31:13 Guard Tower
31:15 Scout Tower
31:17 Scout Tower
31:17 Scout Tower
31:18 Scout Tower
31:19 Scout Tower
31:21 Scout Tower
31:23 Scout Tower
31:24 Scout Tower
31:25 Scout Tower
31:26 Guard Tower
31:26 Guard Tower
35:45 Guard Tower
35:46 Guard Tower
35:48 Cannon Tower
35:48 Cannon Tower
35:48 Cannon Tower
35:49 Cannon Tower
» items
| Scroll of Regeneration | 7 | |
| Mechanical Critter | 5 | |
| Scroll of Town Portal | 3 | |
| Periapt of Vitality | 1 | |
| Staff of Sanctuary | 1 | |
| Potion of Lesser Invulnerability | 1 | |
| Staff of Teleportation | 1 | |
19 total
Chat log
(00:23 / Allies) my_ass_says: 100g?
(00:46 / Allies) NILFGARD-FIGHTR: wyvern bat
(01:02 / Allies) Bangladesh: foot gryph
(01:07 / Allies) NILFGARD-FIGHTR: someone get melee
(02:11 / Allies) NILFGARD-FIGHTR: green help me expo ?
(02:16 / Allies) Bangladesh: militia expo
(02:19 / All) FVCK..|..YOU: USA #1
(02:24 / All) Bangladesh: no
(02:27 / All) FVCK..|..YOU: Bangladesh: UNRANKED
(02:41 / All) Vintz: lol
(03:16 / All) FVCK..|..YOU: We got Trump, Bangladesh won't be able to sell their crappy shirts here no mo
(04:40 / Allies) my_ass_says: come
(04:47 / Allies) NILFGARD-FIGHTR: if all 4 of us go aa
(04:49 / Allies) NILFGARD-FIGHTR: im gonna be pissed
(04:50 / Allies) NILFGARD-FIGHTR: just saying
(05:05 / Allies) my_ass_says: \going frosties
(05:11 / Allies) TekK: lumber?
(06:09 / Allies) my_ass_says: bm
(06:32 / All) FVCK..|..YOU: god dammnit
(06:54 / Allies) NILFGARD-FIGHTR: pink give me mask im robo tinker
(07:35 / Allies) TekK: lumber?
(07:39 / Allies) TekK: you can have mask
(07:40 / Allies) NILFGARD-FIGHTR: wood plz
(07:42 / Allies) NILFGARD-FIGHTR: thx
(07:46 / All) FVCK..|..YOU: I hate this where the fucking unit does a shutter step
(07:48 / All) FVCK..|..YOU: wuthg new patch
(07:51 / Allies) NILFGARD-FIGHTR: omw
(08:27 / Allies) NILFGARD-FIGHTR: thx
(08:29 / Allies) TekK: lumber?
(09:28 / Allies) my_ass_says: ?
(09:50 / Allies) my_ass_says: nvm
(10:05 / Allies) TekK: need lumber
(10:07 / Allies) NILFGARD-FIGHTR: wood plz
(10:07 / Allies) NILFGARD-FIGHTR: wood
(10:16 / All) FVCK..|..YOU: am I insane or does anyone notice the shutter step when you issue new command
(10:27 / All) Dabu.: DUNNO WHAT THAT IS
(10:45 / Allies) NILFGARD-FIGHTR: wood
(10:46 / Allies) NILFGARD-FIGHTR: holy shit
(11:00 / Allies) my_ass_says: make
(11:02 / Allies) my_ass_says: fiucking workers
(12:45 / Allies) my_ass_says: lets hit
(12:48 / Allies) NILFGARD-FIGHTR: cc more
(13:36 / All) NILFGARD-FIGHTR: tp idiot blue
(14:36 / Allies) NILFGARD-FIGHTR: wood
(14:37 / Allies) NILFGARD-FIGHTR: or im tking
(15:56 / Allies) my_ass_says: lets hit
(16:40 / Allies) my_ass_says: its dead
(16:43 / Allies) TekK: tp
(16:44 / Allies) TekK: to it
(16:45 / Allies) TekK: the fuck
(16:51 / Allies) my_ass_says: its dead
(17:16 / Allies) Bangladesh: gg
(17:24 / Allies) my_ass_says: not really
(17:26 / Allies) my_ass_says: we lost 1 exbo
(17:28 / Allies) my_ass_says: lol
(17:37 / All) FVCK..|..YOU: at you calling to arms
(18:14 / Allies) TekK: yo
(18:15 / Allies) TekK: we need
(18:16 / Allies) TekK: to hit
(19:02 / Allies) Bangladesh: shade pls
(19:29 / Allies) my_ass_says: fuck u purple
(19:31 / All) FVCK..|..YOU: GETTING RAPED BOIS
(19:36 / All) NILFGARD-FIGHTR: shoulda gave me wood earlier
(19:40 / All) NILFGARD-FIGHTR: bad ally
(19:43 / All) FVCK..|..YOU: getting raped in that snug boi pussy
(19:43 / All) my_ass_says: i gave u 500
(19:43 / Allies) TekK: lmfao
(19:44 / All) my_ass_says: wood
(19:47 / All) my_ass_says: u peice
(19:48 / All) my_ass_says: of shit
(19:52 / All) NILFGARD-FIGHTR: not until 20 min in
(19:57 / All) my_ass_says: YES
(19:58 / All) Dabu.: wow level 9 bm already
(20:00 / All) TekK: he massed wyvvs anyways
(20:02 / All) TekK: he's pretty shitty
(20:03 / All) my_ass_says: Are wood intensive
(20:25 / All) FVCK..|..YOU: QUITTERS
(21:19 / All) FVCK..|..YOU: I'd be closer to level 10 but I missed out on that sweet exp of yellows heroes
(21:22 / All) FVCK..|..YOU: buying periapt
(26:17 / All) Dabu.: MORTAAAAR COMBAT!
(26:44 / All) Vintz: thx for making this game longer red
(26:50 / All) NILFGARD-FIGHTR: lawl
(26:51 / All) Dabu.: FOR GLORY!
(27:00 / All) Dabu.: SHOW US A TARGET!
(27:04 / All) Vintz: youre obviously a fat loser
(27:05 / All) Dabu.: GET DOWN, SPARKY!
(27:32 / All) FVCK..|..YOU: must sell my mask of death
(27:34 / All) FVCK..|..YOU: it's not worthless
(27:48 / All) FVCK..|..YOU: unless you want it back purple
(28:06 / All) FVCK..|..YOU: Aye
(28:08 / All) FVCK..|..YOU: we are about to finish
(28:22 / All) Vintz: congrats
(28:51 / All) Dabu.: thanks blue
(28:54 / All) Dabu.: appreciate your support
(29:02 / All) NILFGARD-FIGHTR: lvl 10 tinker woo hoo
(29:03 / All) NILFGARD-FIGHTR: thx teal
(29:18 / All) Dabu.: I'll help you kill teal
(29:27 / All) FVCK..|..YOU: I'm omw as well
(29:32 / All) FVCK..|..YOU: let's squash this bug
(29:42 / All) NILFGARD-FIGHTR: thanks red
(29:44 / All) NILFGARD-FIGHTR: thanks orange
(29:45 / All) Vintz: just so you know purp oj and red are tk each other
(29:49 / All) NILFGARD-FIGHTR: teal is annoying
(29:51 / All) NILFGARD-FIGHTR: so is blue
(29:54 / All) NILFGARD-FIGHTR: blue is very annoying
(29:57 / All) NILFGARD-FIGHTR: and isnt very good
(30:09 / All) Vintz: i dont really care
(30:22 / All) Vintz: i guess ur all fat losers after all...
(30:27 / All) NILFGARD-FIGHTR: lawl
(30:41 / All) FVCK..|..YOU: 180 lbs of twisted steel and sex appeal
(30:51 / All) NILFGARD-FIGHTR: tinke rduel
(30:54 / All) NILFGARD-FIGHTR: red
(30:57 / All) Dabu.: mine is +25
(31:03 / All) Vintz: later suckers, hope u all find a meaning to your life
(31:03 / All) rellzinyagirl: my money is on red!
(31:10 / All) Dabu.: at mid?
(31:12 / All) NILFGARD-FIGHTR: red vs purple tinker
(31:12 / All) NILFGARD-FIGHTR: yes
(31:28 / All) NILFGARD-FIGHTR: omw
(31:30 / All) FVCK..|..YOU: purple has 4 levels on him
(31:34 / All) NILFGARD-FIGHTR: he has the items th o
(32:02 / All) NILFGARD-FIGHTR: omw
(32:05 / All) Dabu.: I'm at mid
(33:24 / All) NILFGARD-FIGHTR: cheat
(33:27 / All) FVCK..|..YOU: lol
(33:36 / All) NILFGARD-FIGHTR: i bet u blue is still here, not afk
(33:37 / All) FVCK..|..YOU: level 10 was too much
(33:45 / All) Dabu.: yeh
(33:48 / All) Dabu.: I had no rockets
(34:20 / All) FVCK..|..YOU: lawl
(34:30 / All) FVCK..|..YOU: that was a big miss
(34:46 / All) FVCK..|..YOU: lol
(34:47 / All) Dabu.: lol
(34:47 / All) FVCK..|..YOU: LOL
(34:54 / All) NILFGARD-FIGHTR: wha thappen
(35:02 / All) Dabu.: I keep staffing bob lol
(35:03 / All) FVCK..|..YOU: he keeps mass tping on me
(35:15 / All) Dabu.: raped
(35:20 / All) FVCK..|..YOU: your ass was grass anyway
(35:28 / All) NILFGARD-FIGHTR: mass tp?
(35:30 / All) NILFGARD-FIGHTR: how
(35:36 / All) NILFGARD-FIGHTR: only saw reds tinker
(35:39 / All) Dabu.: misclick
(35:40 / All) Dabu.: bms move fast
(36:10 / All) NILFGARD-FIGHTR: aw thats it
(36:18 / All) NILFGARD-FIGHTR: blue has his record tow orry about
(36:21 / All) NILFGARD-FIGHTR: thats y he hasnt left
(36:27 / All) FVCK..|..YOU: lol
(36:39 / All) FVCK..|..YOU: 154-130
(36:48 / All) NILFGARD-FIGHTR: fo sho . where should i use bats
(36:58 / All) FVCK..|..YOU: mid
(37:00 / All) FVCK..|..YOU: fountains
(37:06 / All) Dabu.: probably done after this game
(37:09 / All) Dabu.: for the night
(37:14 / All) NILFGARD-FIGHTR: k im gonna watch j-law movie then
(38:02 / All) NILFGARD-FIGHTR: u cant catch me
(38:05 / All) NILFGARD-FIGHTR: im fastes tunit ing ame
(39:06 / All) Dabu.: me lagging?
(39:08 / All) NILFGARD-FIGHTR: yes
(39:22 / All) NILFGARD-FIGHTR: watching movie after this
(40:13 / All) FVCK..|..YOU: LIVE FREE
(40:14 / All) FVCK..|..YOU: OR DIE HARD
(40:30 / All) NILFGARD-FIGHTR: cant catch me no matter what
(42:11 / All) Dabu.: PRO
(42:15 / All) FVCK..|..YOU: OOOOO
(42:16 / All) Dabu.: almost surround
(42:18 / All) Dabu.: with mirror image
(42:22 / All) FVCK..|..YOU: yeah
(42:31 / All) FVCK..|..YOU: didn't select fast enough for move lawl
(43:23 / All) NILFGARD-FIGHTR: gonna patrol diagonally across fountain and not touch heor after
(43:26 / All) NILFGARD-FIGHTR: bet u cant get it sitll
(43:43 / All) NILFGARD-FIGHTR: fools thats cheat
(44:12 / All) Dabu.: pro
(44:21 / All) FVCK..|..YOU: mortar surround lawl